AoeStats
← Dustin

Enclosed

506207841Analyzed
1v1 RM · 20d ago on Sep 12, 2026· 35m 36s· 2 players
Game mode
Random Map
Map size
Tiny (2 player)
Population
200
Speed
Normal
Resources
Standard
Victory
Conquest
Starting age
Dark Age
Ending age
Imperial Age
RankedLock teamsTeams togetherTeam positionsShared explorationLock speedFull tech treeHidden civsTurbo modeCheats
Victory
Defeat
🇩🇪 Sicilians · Germany
1661
+21
🇪🇸 Maya · Spain
1762
-21
Dustin
8:52 Feudal Age
8:21 Loom
9:22 Double-Bit Axe
9:20 Horse Collar
13:29 Fletching
16:13 Forging
18:23 Scale Barding Armor
23:15 Castle Age
23:26 Wheelbarrow
22:36 Town Watch
23:55 Bodkin Arrow
23:23 Elite Skirmisher
25:17 Light Cavalry
26:08 Scale Barding Armor
29:50 Imperial Age
28:00 Gold Mining
28:30 Bloodlines
28:21 Husbandry
29:00 Chain Barding Armor
28:44 Padded Archer Armor
31:19 Plate Barding Armor
32:46 Bow Saw
33:52 Cavalier
jaumecr25
0:25 Loom
9:34 Feudal Age
10:10 Double-Bit Axe
13:58 Town Watch
17:57 Castle Age
16:53 Fletching
18:48 Bodkin Arrow
18:38 Crossbowman
28:09 Wheelbarrow
27:18 Horse Collar
29:04 Scale Mail Armor
29:28 Forging
29:11 Eagle Warrior
30:26 Squires
32:44 Gold Mining
33:32 Chain Mail Armor
Connection lost

Rejoining the realm…

Still unreachable

The connection could not be restored.

Session expired

The server has moved on; the page needs a fresh start.